 Dungeon Crawl Stone Soup version 0.25.0-46-gbd7b0854d2 (webtiles) character file.

Game seed: 15590039296723811646

26 KleinerIrrer the Magician (level 3, -1/42 HPs)
             Began as a Naga Wizard on July 15, 2020.
             Slain by Sigmund
             ... wielding a +3 scythe of protection
              (4 damage)
             ... on level 2 of the Dungeon.
             The game lasted 00:02:45 (1363 turns).

KleinerIrrer the Magician (Naga Wizard)             Turns: 1363, Time: 00:02:46

Health: -1/42      AC: 21    Str:  9    XL:     3   Next: 8%
Magic:  3/8        EV:  1    Int: 19    God:
Gold:   43         SH:  0    Dex:  9    Spells: 4/9 levels left

rFire    . . .     SeeInvis +   e - +1 spear (flame)
rCold    . . .     Gourm    .   (no shield)
rNeg     + + +     Faith    .   (armour currently unavailable)
rPois    +         Spirit   .   (helmet currently unavailable)
rElec    .         Reflect  .   (cloak currently unavailable)
rCorr    .         Harm     .   (gloves currently unavailable)
MR       .....     NoTele   +   (no barding)
Stlth    +.........             (no amulet)
HPRegen  0.14/turn              (no ring)
MPRegen  0.11/turn              (no ring)

@: confused, tree-form, hasted, very quick
A: large, see invisible, slow metabolism 1, spit poison 1, AC +1
a: Spit Poison


You were on level 2 of the Dungeon.
You were not hungry.
You were a tree.
You visited 1 branch of the dungeon, and saw 2 of its levels.

You collected 43 gold pieces.

Inventory:

Hand Weapons
 c - a +0 hunting sling
 e - a +1 spear of flaming (weapon)
Armour
 a - a +0 robe (melded)
 b - a +0 hat (melded)
Scrolls
 h - a scroll of blinking {unknown}
 i - a scroll of identify {unknown}
Comestibles
 d - a ration


   Skills:
 + Level 0.2 Fighting
 + Level 1.6 Dodging
 - Level 3.0 Stealth
 + Level 3.9 Spellcasting
 + Level 1.0 Conjurations
 - Level 1.0 Summonings
 - Level 1.0 Translocations


You had 4 spell levels left.
You knew the following spells:

 Your Spells              Type           Power        Failure   Level  Hunger
a - Magic Dart            Conj           #...         9%          1    None
b - Blink                 Tloc           N/A          14%         2    ##.....
c - Call Imp              Summ           #.......     14%         2    ##.....

Your spell library contained the following spells:

 Spells                   Type           Power        Failure   Level  Hunger
 Slow                     Hex            #.......     22%         2    ##.....
 Conjure Flame            Conj/Fire      #.......     34%         3    ###....
 Mephitic Cloud           Conj/Pois/Air  #.......     36%         3    ###....


Dungeon Overview and Level Annotations

Branches:
Dungeon (2/15)

Altars:

Annotations:
D:2 Sigmund


Innate Abilities, Weirdness & Mutations

You cannot wear boots.
((Your serpentine skin is tough. (AC +1)))
You have supernaturally acute eyesight. (SInv)
((Armour fits poorly on your strangely shaped body.))
((Your system is resistant to poisons. (rPois)))
((You cover ground very slowly.))
You have a slow metabolism.
You can spit poison.


Message History

Sigmund is severely wounded.
Sigmund hits you but does no damage.
You hit Sigmund. You burn Sigmund.
Sigmund is almost dead.
You barely miss Sigmund.
Sigmund is almost dead.
Sigmund points at you and mumbles some strange words.
You are confused.
You cannot move. (Use ctrl+direction or * direction to attack without moving.) You're too confused to cast spells.
Unknown command.
You cannot move. (Use ctrl+direction or * direction to attack without moving.)
You cannot move. (Use ctrl+direction or * direction to attack without moving.)
You aren't carrying any potions.
You swing at nothing.
Sigmund hits you but does no damage.
You closely miss Sigmund.
Sigmund is almost dead.
You swing at nothing.
Sigmund hits you with a +3 scythe of protection.
You die...

### ..# ... ..#
#.# #.# #.# #.#
#.# #<# #.# #)#
### #.# #.#
##.#########.###♣#
##.....##......@.#
<............##..#
.#.###.##.##.##..#
.#.###.##.#..##..#
..........#.###..#
##.###.##... ...#
#.#.##.##... ..##
.# #...####. ###


You could see Sigmund.

Vanquished Creatures
  An ooze (D:2)
  A ball python (D:1)
  4 goblins (D:1)
  4 hobgoblins
  2 kobolds (D:1)
  A quokka (D:2)
  5 bats
  A frilled lizard (D:1)
19 creatures vanquished.

Notes
Turn   | Place    | Note
-------+----------+-------------------------------------------
     0 | D:1      | KleinerIrrer the Naga Wizard began the quest for the Orb.
     0 | D:1      | Reached XP level 1. HP: 15/15 MP: 4/4
   658 | D:1      | Reached XP level 2. HP: 22/22 MP: 4/6
  1313 | D:2      | Reached XP level 3. HP: 28/28 MP: 8/8
  1332 | D:2      | Noticed Sigmund
  1334 | D:2      | Learned a level 2 spell: Blink
  1337 | D:2      | Learned a level 2 spell: Call Imp
  1356 | D:2      | HP: 2/42 [Sigmund/+3 scythe of protection (3)]
  1363 | D:2      | Slain by Sigmund

Illustrated notes

Levels and vault maps discovered:
D:1:      ncdulo_lavacross, layout_basic, serial_bayou_ford_a
D:2:      minmay_skewed_foursquare, layout_loops_ring, uniq_terence,
          uniq_sigmund

Action                   || total
-------------------------++-------
Melee: Whip              ||     5
       Spear             ||    44
 Cast: Magic Dart        ||    17
  Use: Potion            ||     3
 Stab: Sleeping          ||     4
  Eat: Chunk             ||     1
Armor: Robe              ||     2
       Skin              ||     5
Dodge: Dodged            ||    13
